 Dungeon Crawl Stone Soup version 0.27-a0-1416-g941b2bd30b (webtiles) character file.

Game seed: 12242483179111159764

490 Tocho the Ruffian (level 6, -4/47 HPs)
             Began as a Draconian Transmuter on July 1, 2021.
             Slain by Pikel (7 damage)
             ... on level 4 of the Dungeon.
             The game lasted 00:09:01 (3735 turns).

Tocho the Ruffian (Draconian Transmuter)            Turns: 3735, Time: 00:09:02

Health: -4/47      AC:  7    Str: 13    XL:     6   Next: 90%
Magic:  9/12       EV: 13    Int: 14    God:
Gold:   105        SH:  0    Dex: 18    Spells: 5/13 levels left

rFire    . . .     SeeInvis .     - Unarmed
rCold    . . .     Faith    .   (no shield)
rNeg     . . .     Spirit   .   (armour unavailable)
rPois    .         Reflect  .   (helmet restricted)
rElec    .         Harm     .   k - +0 cloak
rCorr    .         Rampage  .   (no gloves)
Will     .....                  (no boots)
Stlth    ++........             (no amulet)
HPRegen  0.15/turn              a - +6 ring of dexterity
MPRegen  0.13/turn              j - +4 ring of slaying

@: wereblooded
A: AC +6, unfitting armour, cold-blooded
a: no special abilities


You were on level 4 of the Dungeon.
You visited 1 branch of the dungeon, and saw 4 of its levels.

You collected 105 gold pieces.

Inventory:

Missiles
 g - 215 stones
 i - 2 throwing nets (quivered)
Armour
 k - a +0 cloak (worn)
Jewellery
 a - a +6 ring of dexterity (left hand)
 b - an amulet of faith
 j - a +4 ring of slaying (right hand)
Scrolls
 c - a scroll of identify
 e - a scroll of amnesia
 f - 2 scrolls of immolation


   Skills:
 + Level 1.4 Fighting
 + Level 0.5 Throwing
 + Level 2.5 Dodging
 - Level 0.4 Stealth
 + Level 5.1 Unarmed Combat
 * Level 4.4 Spellcasting
 + Level 3.4 Transmutations


You had 5 spell levels left.
You knew the following spells:

 Your Spells              Type           Power      Damage    Failure   Level
a - Beastly Appendage     Tmut           24%        N/A       4%          1
b - Wereblood             Tmut           12%        N/A       7%          2
c - Spider Form           Tmut/Pois      3%         N/A       28%         3
d - Static Discharge      Conj/Air       3%         N/A       28%         2

Your spell library contained the following spells:

 Spells                   Type           Power      Damage    Failure   Level
 Corpse Rot               Necr/Air       N/A        N/A       28%         2
 Slow                     Hex            3%         N/A       28%         2
 Vampiric Draining        Necr           1%         2d6       50%         3
 Ice Form                 Ice/Tmut       7%         N/A       67%         4
 Petrify                  Tmut/Erth      7%         N/A       67%         4
 Dispel Undead            Necr           3%         3d7       88%         4
 Alistair's Intoxication  Tmut/Pois      4%         N/A       95%         5
 Borgnjor's Vile Clutch   Necr/Erth      1%         N/A       99%         5
 Lightning Bolt           Conj/Air       1%         1d12      99%         5
 Death Channel            Necr           1%         N/A       100%        6
 Eringya's Noxious Bog    Tmut/Pois      3%         N/A       100%        6
 Chain Lightning          Conj/Air       1%         3d2       100%        9


Dungeon Overview and Level Annotations

Branches:
Dungeon (4/15)
 Temple: D:4-7

Altars:
Qazlal
Uskayaw

Annotations:
D:4 Pikel


Innate Abilities, Weirdness & Mutations

Your plain brown scales are hard. (AC +6)
You cannot fit into any form of body armour.
You are cold-blooded and may be slowed by cold attacks.


Message History

You feel yourself slow down. Pikel freezes you.
* * * LOW HITPOINT WARNING * * *
You feel much better. Pikel hits you but does no damage.
You barely miss Pikel. You claw Pikel, but do no damage.
Pikel is heavily wounded.
You feel yourself speed up.
Pikel says, "All the demons know me.
They respect me."
Pikel hits you with a +2 whip of freezing.
Pikel freezes you.
Pikel hits you with a +2 whip of freezing!
Pikel freezes you.
* * * LOW HITPOINT WARNING * * *
You hit Pikel. You claw Pikel. Your headbutt misses Pikel.
Your tail-slap misses Pikel.
Pikel is severely wounded.
Pikel hits you with a +2 whip of freezing.
* * * LOW HITPOINT WARNING * * *
You feel yourself slow down. Pikel freezes you.
* * * LOW HITPOINT WARNING * * *
You barely miss Pikel.
Pikel is severely wounded.
Pikel barely misses you.
Unknown command.
You barely miss Pikel.
Pikel is severely wounded.
Your horns disappear.
Your talons disappear.
You feel yourself speed up. Pikel barely misses you.
You closely miss Pikel. You tail-slap Pikel!
Pikel is almost dead.
Pikel completely misses you.
You barely miss Pikel.
Pikel is almost dead.
Pikel hits you with a +2 whip of freezing.
* * * LOW HITPOINT WARNING * * *
Pikel freezes you.
* * * LOW HITPOINT WARNING * * *
You hit Pikel.
Pikel is almost dead.
Pikel hits you with a +2 whip of freezing!
You die...

#.......#...#
.....
...#.......#...#
....
...#.......#...#
...
...#.......#...#
..
...#.......#...#
>#5. #.......#...#
#55 #.......#...#
#K####.......#...#
#@.........>.#...#
#............#...#
#............#...#
#............#####
#............# #
#............# #
######.......# #
#.......# # #


You could see Pikel and 3 lemures.

Vanquished Creatures
  An acid dragon (D:4)
  A necrophage (D:3)
  An ogre (D:4)
  A kobold brigand (D:4)
  A hound (D:4)
  4 adders
  3 worms
  5 orcs (D:3)
  4 bats
  4 endoplasms
  2 giant cockroaches
  8 goblins
  7 hobgoblins
  15 jackals
  15 kobolds
  A quokka (D:4)
  2 ball pythons
  5 frilled lizards
  7 rats
  A bush (D:4)
88 creatures vanquished.

Vanquished Creatures (others)
  3 plants (D:4)
3 creatures vanquished.

Grand Total: 91 creatures vanquished

Notes
Turn   | Place    | Note
-------+----------+-------------------------------------------
     0 | D:1      | Tocho the Draconian Transmuter began the quest for the Orb.
     0 | D:1      | Reached XP level 1. HP: 16/16 MP: 3/3
   180 | D:1      | Found a faded altar of an unknown god.
   221 | D:1      | Reached XP level 2. HP: 18/23 MP: 5/5
   381 | D:1      | Learned a level 2 spell: Wereblood
  1022 | D:1      | Reached XP level 3. HP: 17/28 MP: 2/6
  1913 | D:2      | Reached XP level 4. HP: 35/35 MP: 4/8
  1919 | D:2      | Reached skill level 4 in Unarmed Combat
  1989 | D:2      | Identified a scroll of acquirement
  1989 | D:2      | Acquired Great Wizards, Vol. II
  2171 | D:3      | Noticed a necrophage
  2180 | D:3      | Killed a necrophage
  2181 | D:3      | Reached XP level 5. HP: 40/40 MP: 5/9
  2684 | D:3      | Found a hide-covered altar of Uskayaw.
  2992 | D:3      | Learned a level 3 spell: Spider Form
  3031 | D:4      | Noticed an acid dragon
  3231 | D:4      | Noticed an ogre
  3242 | D:4      | Killed an ogre
  3243 | D:4      | Reached XP level 6. HP: 46/47 MP: 7/11
  3546 | D:4      | Killed an acid dragon
  3547 | D:4      | Reached skill level 5 in Unarmed Combat
  3627 | D:4      | Found a stormy altar of Qazlal.
  3708 | D:4      | Acquired a book of Lightning
  3714 | D:4      | Learned a level 2 spell: Static Discharge
  3718 | D:4      | Noticed Pikel
  3735 | D:4      | Slain by Pikel

Illustrated notes

Levels and vault maps discovered:
D:1:      lightli_arrival_statuegarden, layout_basic,
          shapermc_ecumenical_altar_mp_ritualfount
D:2:      layout_rooms
D:3:      layout_loops_ring, nicolae_uskayaw_dance_hall,
          corexii_item_surrounded_by_moat, st_stairs_13
D:4:      layout_gridville, nicolae_qazlal_general_emergency,
          lexackson_kobold_supper, uniq_pikel

Skill      XL: |  1  2  3  4  5  6 |
---------------+-------------------+-----
Dodging        | 2 |  2.5
Unarmed Combat | 4 5 |  5.1
Spellcasting   | 3 4 |  4.4
Transmutations | 3 |  3.4
Fighting       | |  1.4
Throwing       | |  0.5
Stealth        | |  0.4

Action                   |  1- 3 |  4- 6 || total
-------------------------+-------+-------++-------
Melee: Unarmed           |   121 |   139 ||   260
       Kick              |    18 |    15 ||    33
       Tailslap          |    13 |    21 ||    34
       Headbutt          |     6 |    12 ||    18
       Punch             |       |     2 ||     2
Throw: Stone             |       |    12 ||    12
       Throwing net      |       |     3 ||     3
 Cast: Beastly Appendage |    11 |    13 ||    24
       Wereblood         |     4 |    13 ||    17
  Use: Scroll            |       |     8 ||     8
       Potion            |       |     2 ||     2
 Stab: Held in net/web   |       |     3 ||     3
       Sleeping          |       |     1 ||     1
Armor: Skin              |    38 |    21 ||    59
Dodge: Dodged            |    78 |    39 ||   117

Table legend: (Time is in decaauts)
 A = Elapsed time spent in this place.
 B = Non-inter-level travel time spent in this place.
 C = Inter-level travel time spent in this place.
 D = Time resting spent in this place.
 E = Time spent auto-exploring this place.
 F = Levels seen in this place.
 G = Mean time per level.
                   A        B        C        D        E       F      G
               +--------+--------+--------+--------+--------+-----+--------+
         Total |   3723 |   3493 |    230 |      0 |   2845 |   4 |  930.8 |
       Dungeon |   3723 |   3493 |    230 |      0 |   2845 |   4 |  930.8 |
               +--------+--------+--------+--------+--------+-----+--------+

Top non-repeatable levels by time:
     D:1: 1134 daAuts
     D:3: 968 daAuts
     D:2: 884 daAuts
     D:4: 736 daAuts
